 Dungeon Sprint DCSS version 0.21-a0-227-g58a7c62 (webtiles) character file.

647 Kidiri the Covert (level 7, -20/34 (37) HPs)
             Began as a Spriggan Enchanter on Aug 30, 2017.
             Demolished by a tyrant leech (23 damage)
             ... in the Dungeon (Sprint II: "The Violet Keep of Menkaure").
             The game lasted 00:01:20 (94 turns).

Kidiri the Covert (Spriggan Enchanter)                Turns: 94, Time: 00:01:21

HP:   -20/34 (37)   AC:  2    Str:  4    XL:     7   Next: 27%
MP:   9/20          EV: 26    Int: 17    God:
Gold: 243           SH:  0    Dex: 18    Spells: 14/23 levels left

rFire    . . .     SeeInvis +   a - +1 dagger
rCold    . . .     Gourm    .   (shield restricted)
rNeg     . . .     Faith    .   b - +0 robe
rPois    .         Spirit   .   (helmet restricted)
rElec    .         Reflect  .   (no cloak)
rCorr    .         Harm     .   (gloves unavailable)
MR       +....     NoTele   +   (boots unavailable)
Stlth    +++++.....             (no amulet)
HPRegen  0.00/turn              (no ring)
MPRegen  0.17/turn              (no ring)

@: non-regenerating, diseased, very quick
A: unfitting armour, see invisible, herbivore 3, speed 3, slow metabolism 2
a: no special abilities


You were in the Dungeon.
You were not hungry.

You visited 1 branch You collected 243 gold pieces.

Inventory:

Hand Weapons
 a - a +1 dagger (weapon)
Armour
 b - a +0 robe (worn)
Scrolls
 j - a scroll of blinking
Potions
 e - a potion of curing
 f - a potion of heal wounds
 g - a potion of haste
 h - 2 potions of magic
Books
 c - a book of Maledictions

   Spells                             Type                      Level
   a - Corona                         Hexes                        1
   b - Ensorcelled Hibernation        Hexes/Ice                    2
   c - Confuse                        Hexes                        3
   d - Tukima's Dance                 Hexes                        3
   e - Dazzling Spray                 Conjuration/Hexes            3
Comestibles
 d - a bread ration


   Skills:
 + Level 3.7 Fighting
 * Level 7.4 Short Blades
 + Level 3.3 Armour
 * Level 10.1 Dodging
 * Level 11.1 Stealth
 * Level 8.6 Spellcasting
 + Level 6.8 Hexes


You had 14 spell levels left.
You knew the following spells:

 Your Spells              Type           Power        Failure   Level  Hunger
a - Corona                Hex            ####...      1%          1    None
b - Ensorcelled Hibernat  Hex/Ice        ###...       3%          2    None
c - Confuse               Hex            ####....     1%          3    #......
d - Tukima's Dance        Hex            ####....     1%          3    #......


Dungeon Overview and Level Annotations

Branches:
Dungeon (1/1)

Altars:

Annotations:
D Menkaure


Innate Abilities, Weirdness & Mutations

You are very small and have problems with some larger weapons.
You are too small for most types of armour.
You have supernaturally acute eyesight. (SInv)
You are a herbivore.
You cover ground extremely quickly.
You need consume almost no food.


Message History

Unknown command.
Casting: Ensorcelled Hibernation
Confirm with . or Enter, or press ? or * to list all spells.
Okay, then.
Menkaure calls on the powers of darkness!
The tyrant leech convulses! x2; Your body is wracked with pain!
* * * LOW HITPOINT WARNING * * *
There is a staircase leading out of the dungeon here.
The helpless merfolk siren fails to defend itself.
You spit the merfolk siren like a pig!!!
You kill the merfolk siren!
Your Short Blades skill increases to level 7!
Your Armour skill increases to level 3!
Your Dodging skill gained 2 levels and is now at level 10!
Your Stealth skill gained 2 levels and is now at level 11!
Your Spellcasting skill increases to level 8!
You have reached level 7!
The tyrant leech bites you!!
Ouch! That really hurt!
You die...

## ## ##. .##
.. .. ### $#M
# ##.###w#
.##
#...##w##...#
+.##%.@)'$#
#...##.##...#
##.###+# .##
### #$# #


a#a . . ## ## You could see 2 tyrant leeches and Menkaure.

Vanquished Creatures
  A merfolk siren (D)
  4 necrophages (D)
5 creatures vanquished.

Vanquished Creatures (others)
  A crocodile (D)
1 creature vanquished.

Grand Total: 6 creatures vanquished

Notes
Turn   | Place    | Note
-------+----------+-------------------------------------------
     0 | D        | Kidiri the Spriggan Enchanter began the quest for the Orb.
     0 | D        | Reached XP level 1. HP: 9/9 MP: 5/5
     1 | D        | Noticed a tyrant leech
     1 | D        | Noticed a tyrant leech
     4 | D        | Noticed a merfolk siren
     7 | D        | Noticed a worker ant
     7 | D        | Noticed a worker ant
    10 | D        | Noticed a necrophage
    10 | D        | Noticed a necrophage
    10 | D        | Noticed a necrophage
    10 | D        | Noticed a necrophage
    17 | D        | Killed a necrophage
    17 | D        | Reached skill level 1 in Fighting
    17 | D        | Reached skill level 1 in Armour
    17 | D        | Reached skill level 5 in Dodging
    17 | D        | Reached skill level 7 in Stealth
    17 | D        | Reached XP level 2. HP: 14/14 MP: 5/8
    17 | D        | Reached XP level 3. HP: 17/17 MP: 6/10
    17 | D        | Reached XP level 4. HP: 22/22 MP: 6/11
    24 | D        | Killed a necrophage
    24 | D        | Reached skill level 5 in Short Blades
    24 | D        | Reached skill level 8 in Stealth
    24 | D        | Reached skill level 5 in Hexes
    24 | D        | Reached XP level 5. HP: 26/26 MP: 6/14
    33 | D        | Killed a necrophage
    33 | D        | Reached skill level 9 in Stealth
    41 | D        | Killed a crocodile
    64 | D        | Killed a necrophage
    64 | D        | Reached XP level 6. HP: 16/29 MP: 10/17
    77 | D        | Noticed Menkaure
    81 | D        | Learned a level 2 spell: Ensorcelled Hibernation
    85 | D        | Learned a level 3 spell: Confuse
    90 | D        | Learned a level 3 spell: Tukima's Dance
    94 | D        | Killed a merfolk siren
    94 | D        | Reached skill level 10 in Dodging
    94 | D        | Reached skill level 11 in Stealth
    94 | D        | Reached XP level 7. HP: 3/34 MP: 8/20
    94 | D        | Demolished by a tyrant leech

Vault maps used:
D:        the_violet_keep_of_menkaure

Skill      XL: |  1  2  3  4  5  6 |
---------------+-------------------+-----
Fighting       | 1 2 3 |  3.7
Short Blades   | 3 5 6 7 |  7.4
Armour         | 1 2 3 |  3.3
Dodging        | 5 7 8 10 | 10.1
Stealth        | 7 8 9 11 | 11.1
Spellcasting   | 4 6 7 8 |  8.6
Hexes          | 4 5 6 |  6.8

Action                   |  1- 3 |  4- 6 |  7- 9 || total
-------------------------+-------+-------+-------++-------
Melee: Dagger            |     5 |    45 |       ||    50
 Cast: Corona            |       |     2 |       ||     2
       Ensorcelled Hiber |       |     3 |       ||     3
  Use: Potion            |     1 |       |       ||     1
 Stab: Sleeping          |       |     1 |       ||     1
Armor: Robe              |       |     1 |       ||     1
Dodge: Dodged            |     3 |    39 |       ||    42

Table legend:
 A = Spawn XP
 B = Non-spawn XP
 C = Spawn XP percentage of total XP
 D = Spawn monster count
 E = Non-spawn monster count
 F = Spawn count percentage of total count
 G = Total turns spent on level
                    A         B        C        D         E        F      G
               +---------+---------+-------+---------+---------+-------+---------
         Total |       0 |     925 |   0.0 |       0 |       5 |   0.0 |    94
               +---------+---------+-------+---------+---------+-------+---------
             D |       0 |     925 |   0.0 |       0 |       5 |   0.0 |    94
               +---------+---------+-------+---------+---------+-------+---------
